 Dungeon Crawl Stone Soup version 0.20.0-7-g3b7b877 (webtiles) character file.

191867 shpingle the Marksfrog (level 18, -5/140 HPs)
             Began as a Barachi Enchanter on May 29, 2017.
             Was the Champion of Okawaru.
             Slain by a two-headed ogre
             ... wielding a +0 giant club
              (18 damage)
             ... on level 1 of the Vaults on May 30, 2017.
             The game lasted 04:39:48 (43809 turns).

shpingle the Marksfrog (Barachi Enchanter)         Turns: 43809, Time: 04:39:48

Health: -5/140     AC: 14    Str: 10    XL:     18   Next: 21%
Magic:  2/34       EV: 14    Int: 19    God:    Okawaru [******]
Gold:   2356       SH:  0    Dex: 12    Spells: 5/27 levels left

rFire    + + +     SeeInvis .   b - +5 pair of quick blades "Gyre" and "Gimble" {pierce, Dex-3}
rCold    + . .     Gourm    .   (shield currently unavailable)
rNeg     + . .     Faith    +   t - +0 swamp dragon scales
rPois    +         Spirit   .   p - -2 hat of the Alchemist {rElec rPois rF+ rC+ rN+ MR+ rMut rCorr}
rElec    +         Reflect  .   E - scarf {cloud immunity} {god gift}
rCorr    +         Harm     .   n - +2 pair of gloves {archery}
rMut     +                      o - +2 pair of boots {run}
MR       +++..                  m - amulet of Okingas {Faith +Fly rElec rF+}
Stlth    +.........             R - ring of magical power
Regen    0.4/turn               (no ring)
MPRegen  0.3/turn

@: can't hop, very slightly contaminated
A: +LOS, swims, fire resistance 1, magic resistance 1, slowness 1, weak 1,
strong legs 2
}: 1/15 runes: decaying
a: Hop, Heroism, Finesse, Renounce Religion, Evoke Flight


You were on level 1 of the Vaults.
You worshipped Okawaru.
Okawaru was exalted by your worship.
You were not hungry.

You visited 5 branches of the dungeon, and saw 28 of its levels.
You also visited: Ossuary, Ice Cave and Volcano.

You collected 3142 gold pieces.
You spent 786 gold pieces at shops.

Inventory:

Hand Weapons
 a - the +8 longbow "Zephyr" {speed, Dex+3 SInv}
   (You took it off a big kobold on level 11 of the Dungeon)

   Attacks with this weapon are significantly faster.
   It affects your dexterity (+3).
   It lets you see invisible.
 b - the +5 pair of quick blades "Gyre" and "Gimble" (weapon) {pierce, Dex-3}
   (You found it on level 2 of the Lair of Beasts)

   It inflicts extra damage upon your enemies.
   It affects your dexterity (-3).
 L - a +3 triple crossbow of flaming {god gift}
Missiles
 k - 363 arrows
 O - 4 throwing nets (quivered)
Armour
 n - a +2 pair of gloves of archery (worn)
 o - a +2 pair of boots of running (worn)
 p - the -2 hat of the Alchemist (worn) {rElec rPois rF+ rC+ rN+ MR+ rMut rCorr}
   (You bought it in a shop on level 2 of the Orcish Mines)

   It protects you from fire.
   It protects you from cold.
   It insulates you from electricity.
   It protects you from poison.
   It protects you from negative energy.
   It affects your resistance to hostile enchantments.
   It protects you from acid and corrosion.
   It protects you from mutation.
 r - a +2 pair of gloves of strength {god gift}
 t - +0 swamp dragon scales (worn)
 z - a +2 helmet
 E - a scarf of cloud immunity (worn) {god gift}
Jewellery
 l - an uncursed ring of protection from magic
 m - the amulet of Okingas (around neck) {Faith +Fly rElec rF+}
   (You acquired it on level 4 of the Swamp)

   [amulet of faith]

   It allows you to gain divine favour quickly.
   It protects you from fire.
   It insulates you from electricity.
   It lets you fly.
 q - an uncursed ring of protection from cold
 s - an uncursed ring of positive energy
 C - an uncursed ring of protection from fire
 R - a ring of magical power (left hand)
Wands
 v - a wand of digging (14/24)
 w - a wand of lightning (9/15)
 M - a wand of iceblast (7/15)
 U - a wand of enslavement (22/24)
Scrolls
 c - a scroll of summoning
 g - a scroll of silence
 h - 11 scrolls of teleportation
 y - 2 scrolls of recharging
 A - 6 scrolls of magic mapping
 B - 7 scrolls of immolation
 D - 2 scrolls of fear
 F - 5 scrolls of blinking
 J - 6 scrolls of remove curse
 Q - a scroll of identify
 Z - 2 scrolls of fog
Potions
 i - a potion of berserk rage
 j - a potion of magic
 u - a potion of ambrosia
 x - 4 potions of mutation
 G - 6 potions of agility
 I - 3 potions of might
 N - 3 potions of invisibility
 P - 3 potions of haste
 S - 3 potions of lignification
 T - 4 potions of flight
 V - 6 potions of curing
 W - 6 potions of heal wounds
 X - a potion of cancellation
 Y - 4 potions of resistance
Books
 e - the Almanac of Ghastly Flight
   (You found it on level 1 of the Vaults)

   Spells                             Type                      Level
   a - Regeneration                   Charms/Necromancy            3
   b - Lightning Bolt                 Conjuration/Air              5
   c - Simulacrum                     Ice/Necromancy               6
Miscellaneous
 f - a lightning rod (4/4)
 H - a phial of floods
Comestibles
 d - 7 bread rations


   Skills:
 + Level 12.1 Fighting
 - Level 8.0 Short Blades
 - Level 20.0 Bows
 - Level 4.6 Crossbows
 + Level 9.7 Armour
 + Level 8.9 Dodging
 - Level 2.8 Stealth
 + Level 5.2 Spellcasting
 - Level 6.1 Conjurations
 - Level 12.0 Hexes
 + Level 7.3 Translocations
 - Level 3.8 Ice Magic
 - Level 7.5 Invocations
 - Level 5.1 Evocations


You had 5 spell levels left.
You knew the following spells:

 Your Spells              Type           Power        Failure   Level  Hunger
a - Corona                Hex            ######.      1%          1    None
b - Ensorcelled Hibernat  Hex/Ice        #####.       1%          2    None
c - Portal Projectile     Hex/Tloc       #####.       1%          3    ##.....
d - Confuse               Hex            ######..     1%          3    ##.....
e - Tukima's Dance        Hex            ######..     1%          3    ##.....
f - Dazzling Spray        Conj/Hex       #####.       1%          3    ##.....
g - Freeze                Ice            ###.         5%          1    None
h - Blink                 Tloc           N/A          1%          2    None
i - Conjure Flame         Conj/Fire      ###.....     22%         3    ##.....
z - Animate Skeleton      Necr           N/A          26%         1    None


Dungeon Overview and Level Annotations

Branches:
Dungeon (15/15)            Temple (0/1) D:5            Lair (6/6) D:10
  Swamp (4/4) Lair:4        Snake (0/4) Lair:4        Slime (0/5) Lair:6
    Orc (2/2) D:11            Elf (0/3) Orc:2        Vaults (1/5) D:14
 Depths (0/5) D:15

Altars:
Ashenzari
Cheibriados
Dithmenos
Elyvilon
Fedhas
Gozag
Kikubaaqudgha
Nemelex Xobeh
Okawaru
Sif Muna
Trog
Xom
Yredelemnul
Zin

Shops:
Orc:2 [[**

Portals:
Trove: Vaults:1 (give 13 potions of heal wounds)

Annotations:
D:4 SIGMUND OF DISTORTION, Sigmund
D:7 1 runed door
D:8 exclusion: downstairs
Lair:5 exclusion: downstairs


Innate Abilities, Weirdness & Mutations

Shadows flee at your approach. (+LOS)
You can swim through water.
You cover ground slowly.
You can hop longer distances.
Your flesh is heat resistant. (rF+)
You are resistant to hostile enchantments. (MR+)
You are weak. (Str -2)


Message History

The vault guard hits you from afar with an enchanted halberd.
* * * LOW HITPOINT WARNING * * *
You take 6 damage, and have 55/140 hp.
You closely miss the vault warden.
You hit the vault warden but do no damage.
Evoke which item? (* to show all) (? for menu, Esc to quit)
Aiming: Enslavement
Press: ? - help, Shift-Dir - straight line, f - two-headed ogre, p - vault guard
Aim: a two-headed ogre, wielding a giant club and a dire flail (lightly wounded, sheltered from injuries, chance to defeat MR: 44%)
The two-headed ogre resists with some effort.
This wand has 22 charges left.
You are no longer teleporting projectiles to their destination.
The vault warden hits you with an enchanted battleaxe!!
* * * LOW HITPOINT WARNING * * *
The vault guard hits you from afar with an enchanted halberd!
* * * LOW HITPOINT WARNING * * *
The two-headed ogre hits you with a giant club.
* * * LOW HITPOINT WARNING * * *
The two-headed ogre hits you with a dire flail!!
You die... ◙◙◙◙◙ c.◙ ..◙ ..◙ ◙.◙◙..◙◙◙◙◙◙ ◙.◙◙........ ◙◙◙.◙◙........ ◙◙@◙.◙◙....... .. ◙◙pO◙◙◙◙..... ..(c◙◙pJcp..◙...◙ ◙◙◙◙

.Jp((pOp...(◙...◙......◙
.J◙◙↑↑....+...◙......◙
.. ◙◙..◙◙◙◙↑..◙......◙
◙+ ◙◙.◙C◙◙...◙......◙
◙◙◙.◙◙...◙......◙
◙.◙◙..↑'......◙


You could see an ironheart preserver, a vault warden, a yaktaur captain, 2 vault
guards, 2 slime creatures, 2 two-headed ogres, a vault sentinel and a cyclops.

Vanquished Creatures
  the Lernaean hydra (Swamp:4)
  Nikola (Swamp:1)
  An Ice Fiend (IceCv)
  Gastronok (Lair:3)
  2 thorn hunters
  Donald (Swamp:2)
  Kirke (Swamp:1)
  An ironheart preserver (Vaults:1)
  A dire elephant (Lair:6)
  A red draconian (Volcano)
  The ghost of howech the Severer, a journeyman MiBe of Trog (Lair:4)
  An ettin (D:11)
  The ghost of nicksoapdish the Fighter, a journeyman OpAs of Dithmenos (Volcano)
  A yaktaur captain (D:15)
  21 hydras
  Erolcha (D:9)
  The ghost of christhawk the Blocker, a journeyman GrFi of Hepliaklqana (Lair:1)
  5 alligators
  3 catoblepae
  22 two-headed ogres
  A death knight (D:14)
  5 centaur warriors
  6 ogre magi
  An orc high priest (Orc:2)
  10 death yaks
  Urug (Lair:3)
  Nergalle (Lair:3)
  Sonja (D:10)
  A salamander mystic (Volcano)
  A fire crab (Lair:6)
  4 spriggan druids
  3 unseen horrors
  10 swamp dragons
  A lindwurm (Lair:6)
  A wizard (D:14)
  The ghost of howech the Tainter, a novice OpVM of Sif Muna (D:8)
  An ironbrand convoker (Vaults:1)
  Pikel (D:4)
  2 orc knights
  2 shambling mangroves (Swamp:2)
  A harpy (shapeshifter) (Vaults:1)
  A shining eye (shapeshifter) (D:15)
  3 oklob plants (Lair:5)
  6 salamanders (Volcano)
  4 orc sorcerers (Orc:2)
  3 manticores
  A salamander (shapeshifter) (Vaults:1)
  17 ugly things
  A wolf spider (Vaults:1)
  A cyclops (D:15)
  3 ice statues
  3 vault sentinels (Vaults:1)
  Maurice (D:9)
  A torpor snail (Lair:6)
  5 black mambas
  2 centaur zombies (D:15)
  4 elephants (Lair:4)
  A gargoyle (D:15)
  5 centaur skeletons
  26 spiny frogs
  7 komodo dragons
  6 ice devils (IceCv)
  A yaktaur (D:15)
  A tengu conjurer (D:13)
  6 anaconda simulacra (IceCv)
  7 rime drakes
  2 efreet
  The ghost of araganzar the Insei, a novice TeTm (D:5)
  5 freezing wraiths
  2 golden dragon simulacra (IceCv)
  6 trolls
  39 blink frogs
  8 tyrant leeches
  10 hornets
  A blink frog (shapeshifter) (D:13)
  10 bog bodies
  14 hippogriffs
  18 slime creatures
  11 dream sheep (Lair:6)
  3 spriggans
  A centaur simulacrum (D:15)
  2 dire elephant simulacra (IceCv)
  4 wyverns
  A shadow (Swamp:3)
  2 hogs (Swamp:1)
  3 basilisks
  53 yaks
  A steam dragon (D:10)
  16 vampire mosquitoes
  Grum (D:11)
  2 wargs (Orc:1)
  3 nagas (Lair:4)
  17 swamp worms
  6 insubstantial wisps (Swamp:3)
  4 hydra simulacra (IceCv)
  2 acid dragons
  3 iron troll simulacra (IceCv)
  15 water moccasins
  7 porcupines
  3 black bears
  28 orc warriors
  8 sky beasts
  2 slaves (D:4)
  11 swamp drakes
  2 ice beasts
  An ettin simulacrum (IceCv)
  A necrophage (D:12)
  26 ogres
  5 phantoms
  3 eyes of draining
  The ghost of Felixia the Vexing, an amateur BaEn (D:3)
  13 centaurs
  4 wolves (D:11)
  16 crocodiles
  4 big kobolds
  13 bullfrogs
  A gnoll sergeant (D:6)
  4 scorpions
  2 vampire bats (D:6)
  3 electric eels
  6 howler monkeys
  10 crimson imps
  A bullfrog zombie (D:10)
  2 jellies
  2 draconian simulacra (IceCv)
  8 hounds
  4 bullfrog skeletons
  25 orc priests
  4 gnoll shamans
  Crazy Yiuf (D:2)
  4 iguanas
  2 polar bear simulacra (IceCv)
  A human skeleton (D:7)
  33 orc wizards
  3 troll simulacra (IceCv)
  11 worker ants
  A wolf simulacrum (IceCv)
  5 big kobold zombies (Ossuary)
  A hound zombie (D:5)
  A hound skeleton (D:6)
  A mummy (Ossuary)
  Robin (D:2)
  29 gnolls
  2 worker ant zombies
  11 adders
  2 naga simulacra (IceCv)
  2 ogre simulacra (IceCv)
  2 shadow imps
  7 white imps (IceCv)
  7 ufetubi (IceCv)
  An adder skeleton (D:7)
  4 worms
  3 dart slugs
  7 leopard geckos
  73 orcs
  3 ball pythons
  8 bats
  3 bat skeletons (D:6)
  4 bat zombies (D:6)
  3 giant cockroaches
  17 goblins
  8 hobgoblins
  14 jackals
  2 quokkas
  A ball python skeleton (D:4)
  2 bat simulacra (Ossuary)
  4 frilled lizards
  5 goblin simulacra (Ossuary)
  5 goblin zombies
  8 hobgoblin zombies (Ossuary)
  26 kobolds
  6 kobold simulacra (Ossuary)
  A kobold skeleton (D:7)
  2 kobold zombies (Ossuary)
  A leopard gecko skeleton (D:5)
  4 orc zombies (Ossuary)
  A quokka zombie (D:8)
  6 rats
  4 rat simulacra (Ossuary)
  2 butterflies (D:5)
  A plant (Lair:5)
1081 creatures vanquished.

Vanquished Creatures (collateral kills)
  An ugly thing (D:11)
  An orc warrior (Orc:1)
  A sky beast (D:11)
  An orc wizard (Orc:2)
  2 gnolls (Orc:1)
  An orc (Orc:2)
7 creatures vanquished.

Vanquished Creatures (others)
  A human (Swamp:1)
  2 dancing weapons
  A swamp drake (Swamp:4)
  A slave (D:4)
  A hound (D:10)
  An orc (D:10)
  A bush (Lair:6)
  22 fungi
  22 plants
  9 toadstools (Swamp:2)
61 creatures vanquished.

Grand Total: 1149 creatures vanquished

Notes
Turn   | Place    | Note
-------+----------+-------------------------------------------
     0 | D:1      | shpingle the Barachi Enchanter began the quest for the Orb.
     0 | D:1      | Reached XP level 1. HP: 13/13 MP: 3/3
   504 | D:1      | Reached XP level 2. HP: 19/19 MP: 3/5
  1110 | D:2      | Learned a level 2 spell: Ensorcelled Hibernation
  1126 | D:2      | Found a shattered altar of Ashenzari.
  1364 | D:2      | Reached XP level 3. HP: 17/24 MP: 4/6
  1372 | D:2      | Found an iron altar of Okawaru.
  2080 | D:2      | Noticed Robin
  2099 | D:2      | Killed Robin
  2099 | D:2      | Reached XP level 4. HP: 30/30 MP: 5/7
  2681 | D:2      | Found a runed door.
  3075 | D:3      | Noticed a water moccasin
  3075 | D:3      | Reached XP level 5. HP: 34/35 MP: 8/8
  3101 | D:3      | Killed a water moccasin
  3101 | D:3      | Reached skill level 3 in Short Blades
  3101 | D:3      | Reached skill level 3 in Ice Magic
  3101 | D:3      | Reached skill level 3 in Evocations
  3288 | D:3      | Reached XP level 6. HP: 39/41 MP: 9/9
  3301 | D:3      | Noticed Felixia's ghost (amateur BaEn)
  3315 | D:3      | Killed Felixia's ghost
  4116 | D:3      | Reached XP level 7. HP: 49/49 MP: 8/10
  4220 | D:4      | Noticed Pikel
  4302 | D:4      | Killed Pikel
  4302 | D:4      | Reached skill level 3 in Fighting
  4302 | D:4      | Reached skill level 6 in Short Blades
  4302 | D:4      | Reached XP level 8. HP: 60/60 MP: 11/11
  4713 | D:2      | Became a worshipper of Warmaster Okawaru
  4830 | D:2      | Noticed Crazy Yiuf
  4839 | D:2      | Killed Crazy Yiuf
  4886 | D:3      | Learned a level 3 spell: Portal Projectile
  5004 | D:4      | Gained mutation: Your flesh is heat resistant. (rF+) [mutagenic meat]
  5005 | D:4      | Gained mutation: You are weak. (Str -2) [mutagenic meat]
  5006 | D:4      | Gained mutation: You are resistant to hostile enchantments. (MR+) [mutagenic meat]
  5345 | D:4      | Found a glowing silver altar of Zin.
  5378 | D:4      | Noticed Sigmund
  5394 | D:5      | Entered Level 5 of the Dungeon
  5540 | D:5      | Noticed araganzar's ghost (novice TeTm)
  5611 | D:5      | Found a staircase to the Ecumenical Temple.
  5655 | D:5      | Reached * piety under Okawaru
  5836 | D:5      | Killed araganzar's ghost
  6024 | D:5      | Found a shimmering altar of Xom.
  6076 | D:5      | Reached XP level 9. HP: 66/66 MP: 12/12
  6288 | D:5      | Found a sparkling altar of Nemelex Xobeh.
  6768 | D:5      | Reached skill level 3 in Armour
  7238 | D:6      | Found a bloodstained altar of Trog.
  7250 | D:6      | Reached skill level 3 in Translocations
  7289 | D:6      | Learned a level 3 spell: Confuse
  7293 | D:6      | Learned a level 3 spell: Tukima's Dance
  7732 | D:6      | Found an ancient bone altar of Kikubaaqudgha.
  7760 | D:6      | Reached ** piety under Okawaru
  8185 | D:6      | Found a blossoming altar of Fedhas.
  8315 | D:7      | Found a shattered altar of Ashenzari.
  8324 | D:7      | Found a bloodstained altar of Trog.
  8337 | D:7      | Found a sparkling altar of Nemelex Xobeh.
  8337 | D:7      | Found a snail-covered altar of Cheibriados.
  8340 | D:7      | Found a shadowy altar of Dithmenos.
  8344 | D:7      | Found a deep blue altar of Sif Muna.
  8345 | D:7      | Found a white marble altar of Elyvilon.
  8538 | D:7      | Found a runed door.
  8570 | D:6      | Reached skill level 6 in Fighting
  8867 | D:7      | Found a basalt altar of Yredelemnul.
  8945 | D:7      | Reached skill level 3 in Dodging
  9210 | D:7      | Reached skill level 6 in Hexes
  9210 | D:7      | Reached XP level 10. HP: 74/76 MP: 13/13
  9380 | D:7      | Got a bloodstained chain mail
  9402 | D:7      | Identified the +2 chain mail of the Echidna {rF+ rC++ Int-3} (You found it on level 7 of the Dungeon)
  9832 | D:8      | Found a sand-covered staircase.
  9888 | Ossuary  | Entered an ossuary
 10500 | D:8      | Reached skill level 3 in Spellcasting
 10714 | D:8      | Reached *** piety under Okawaru
 10915 | D:8      | Noticed howech's ghost (novice OpVM)
 10946 | D:8      | Killed howech's ghost
 10946 | D:8      | Reached skill level 3 in Crossbows
 11371 | D:8      | Reached skill level 6 in Armour
 11671 | D:9      | Noticed Maurice
 11980 | D:10     | Entered Level 10 of the Dungeon
 11985 | D:10     | Noticed a two-headed ogre
 11987 | D:10     | Noticed a centaur warrior
 11988 | D:10     | Reached **** piety under Okawaru
 12014 | D:10     | Killed a two-headed ogre
 12014 | D:10     | Received a gift from Okawaru
 12039 | D:10     | Noticed Sonja
 12056 | D:11     | Reached XP level 11. HP: 26/81 MP: 17/17
 12602 | D:11     | Found a staircase to the Orcish Mines.
 12626 | D:11     | Noticed a green ugly thing
 12834 | D:11     | Noticed a purple ugly thing
 12844 | D:11     | Killed a purple ugly thing
 12844 | D:11     | Reached skill level 3 in Invocations
 12953 | D:11     | Killed a cyan ugly thing
 12953 | D:11     | Reached skill level 6 in Dodging
 13031 | D:11     | Noticed Grum
 13042 | D:11     | Reached skill level 6 in Translocations
 13081 | D:11     | Killed Grum
 13367 | D:11     | Reached ***** piety under Okawaru
 13507 | D:11     | Noticed a cyan ugly thing
 13530 | D:11     | Killed a purple ugly thing
 13530 | D:11     | Received a gift from Okawaru
 13530 | D:11     | Reached skill level 2 in Bows
 13690 | D:10     | Noticed a two-headed ogre
 14080 | D:11     | Reached skill level 3 in Bows
 14103 | D:11     | Noticed a two-headed ogre
 14113 | D:11     | Killed a two-headed ogre
 14113 | D:11     | Reached skill level 4 in Bows
 14339 | D:11     | Killed a two-headed ogre
 14339 | D:11     | Reached skill level 5 in Bows
 14550 | D:10     | Received a gift from Okawaru
 14556 | D:10     | Reached skill level 6 in Bows
 15037 | D:9      | Reached skill level 7 in Bows
 15417 | D:9      | Noticed Erolcha
 15422 | D:9      | Killed Erolcha
 15422 | D:9      | Received a gift from Okawaru
 15422 | D:9      | Reached skill level 8 in Bows
 15422 | D:9      | Reached XP level 12. HP: 70/88 MP: 19/19
 15589 | D:9      | Killed a centaur warrior
 15767 | D:10     | Reached skill level 9 in Bows
 15940 | D:10     | Found a staircase to the Lair.
 16468 | D:10     | Noticed a two-headed ogre
 16498 | D:10     | Killed a two-headed ogre
 17212 | D:10     | Reached skill level 10 in Bows
 17589 | D:10     | Killed Sonja
 18128 | D:9      | Killed Maurice
 18128 | D:9      | Received a gift from Okawaru
 18428 | Lair:1   | Entered Level 1 of the Lair of Beasts
 18435 | Lair:1   | Learned a level 3 spell: Dazzling Spray
 18437 | Lair:1   | Learned a level 1 spell: Freeze
 18818 | Lair:1   | Found an opulent altar of Gozag.
 19210 | Lair:1   | Noticed christhawk's ghost (journeyman GrFi)
 19260 | Lair:1   | Killed christhawk's ghost
 19330 | Lair:1   | Gained mutation: You can hop longer distances. [Barachi growth]
 19330 | Lair:1   | Reached XP level 13. HP: 80/95 MP: 20/20
 19350 | Lair:1   | Reached skill level 11 in Bows
 19852 | Lair:2   | Reached skill level 3 in Conjurations
 20777 | Lair:3   | Noticed Gastronok
 20788 | Lair:3   | Received a gift from Okawaru
 20798 | Lair:3   | Killed Gastronok
 20798 | Lair:3   | Received a gift from Okawaru
 20806 | Lair:3   | Got a transparent crystal plate armour {god gift}
 20817 | Lair:3   | Identified the +1 crystal plate armour "Laog" {god gift, Str+6} (Okawaru gifted it to you on level 3 of the Lair of Beasts)
 21003 | Lair:3   | Reached ****** piety under Okawaru
 21277 | Lair:3   | Learned a level 2 spell: Blink
 21281 | Lair:3   | Learned a level 3 spell: Conjure Flame
 21332 | Lair:3   | Noticed Urug
 21346 | Lair:3   | Killed Urug
 21439 | Lair:3   | Learned a level 1 spell: Animate Skeleton
 21445 | Lair:3   | Noticed Nergalle
 21455 | Lair:3   | Killed Nergalle
 21455 | Lair:3   | Reached skill level 12 in Bows
 21616 | Lair:3   | You fall through a shaft for 3 floors!
 21616 | Lair:6   | Entered Level 6 of the Lair of Beasts
 21877 | Lair:6   | Noticed a dire elephant
 21921 | Lair:6   | Found a staircase to the Slime Pits.
 22056 | Lair:5   | Reached skill level 9 in Hexes
 22232 | Lair:5   | Received a gift from Okawaru
 22232 | Lair:5   | Reached skill level 9 in Fighting
 22327 | Lair:5   | Reached XP level 14. HP: 75/108 MP: 18/21
 22758 | Lair:4   | Found a staircase to the Swamp.
 22893 | Lair:4   | Noticed howech's ghost (journeyman MiBe)
 22904 | Lair:4   | Identified a scroll of acquirement
 22905 | Lair:4   | Got a bloodstained shield
 22932 | Lair:4   | Received a gift from Okawaru
 22962 | Lair:4   | Found a staircase to the Snake Pit.
 22982 | Lair:4   | Received a gift from Okawaru
 22982 | Lair:4   | Reached skill level 6 in Conjurations
 22993 | Lair:4   | Reached skill level 13 in Bows
 23044 | Lair:4   | Received a gift from Okawaru
 23191 | Lair:4   | Found a dark tunnel.
 23200 | Volcano  | Entered a volcano
 23401 | Volcano  | Noticed nicksoapdish's ghost (journeyman OpAs)
 23403 | Volcano  | Noticed a red draconian
 23403 | Volcano  | Found a bloodstained altar of Trog.
 23489 | Volcano  | Received a gift from Okawaru
 23490 | Volcano  | Got a jewelled short sword {god gift}
 23600 | Volcano  | Killed a red draconian
 23718 | Volcano  | Killed nicksoapdish's ghost
 23882 | Volcano  | Identified a +2 pair of boots of running (You found it in a volcano)
 24536 | Lair:4   | Received a gift from Okawaru
 24677 | Lair:4   | Received a gift from Okawaru
 25423 | Lair:5   | Reached skill level 14 in Bows
 26565 | Lair:6   | Reached XP level 15. HP: 117/117 MP: 22/22
 27112 | Lair:6   | Received a gift from Okawaru
 27616 | Lair:6   | Received a gift from Okawaru
 27629 | Lair:6   | Reached skill level 15 in Bows
 27903 | Lair:6   | Received a gift from Okawaru
 28296 | Lair:6   | Identified the +1 short sword of Key {god gift, holy, Int+3} (Okawaru gifted it to you in a volcano)
 29472 | Orc:1    | Entered Level 1 of the Orcish Mines
 29927 | Orc:1    | Reached skill level 12 in Hexes
 29958 | Orc:2    | Entered Level 2 of the Orcish Mines
 30189 | Orc:2    | Received a gift from Okawaru
 30844 | Orc:2    | Reached skill level 12 in Fighting
 31171 | Orc:2    | Found Vowiq's General Store.
 31171 | Orc:2    | Found Alory's Armour Shoppe.
 31171 | Orc:2    | Found Quudgh's Armour Shoppe.
 31209 | Orc:2    | Received a gift from Okawaru
 31369 | Orc:2    | Found Odghutz's Assorted Antiques.
 31381 | Orc:2    | Bought a scroll of identify for 32 gold pieces
 31381 | Orc:2    | Bought a scroll of teleportation for 48 gold pieces
 31390 | Orc:2    | Bought the -2 hat of the Alchemist {rElec rPois rF+ rC+ rN+ MR+ rMut rCorr} for 519 gold pieces
 31421 | Orc:2    | Bought a scroll of enchant armour for 187 gold pieces
 31597 | Orc:2    | Found a staircase to the Elven Halls.
 32503 | D:13     | Received a gift from Okawaru
 33005 | D:14     | Reached skill level 16 in Bows
 33012 | D:14     | Found a gate to the Vaults.
 33054 | D:14     | Received a gift from Okawaru
 33234 | D:14     | Found a bloodstained altar of Trog.
 33352 | D:14     | Received a gift from Okawaru
 33598 | D:15     | Entered Level 15 of the Dungeon
 33601 | D:15     | Reached XP level 16. HP: 127/127 MP: 23/23
 34393 | D:15     | Found a white marble altar of Elyvilon.
 34652 | D:15     | Found a staircase to the Depths.
 34906 | D:15     | Reached skill level 17 in Bows
 34922 | D:15     | Reached skill level 6 in Invocations
 35400 | D:15     | Got a wizard robe
 35411 | D:15     | Identified the +1 robe "Paes" {rF++} (You found it on level 15 of the Dungeon)
 35581 | D:15     | Received a gift from Okawaru
 36120 | Lair:4   | Killed howech's ghost
 36208 | Swamp:1  | Entered Level 1 of the Swamp
 36287 | Swamp:1  | Noticed Kirke
 36305 | Swamp:1  | Noticed a sphinx
 36307 | Swamp:1  | Killed Kirke
 36603 | Swamp:1  | Found a frozen archway.
 36621 | Swamp:1  | Noticed Nikola
 36672 | Swamp:1  | Killed Nikola
 36672 | Swamp:1  | Received a gift from Okawaru
 36679 | IceCv    | Entered an ice cave
 37488 | IceCv    | Reached skill level 18 in Bows
 37861 | IceCv    | Noticed an Ice Fiend
 37883 | IceCv    | Killed an Ice Fiend
 37883 | IceCv    | Reached XP level 17. HP: 125/133 MP: 24/24
 38704 | IceCv    | Identified the Guide on Dislocation
 38714 | IceCv    | Got an ichor-stained hat
 38725 | IceCv    | Identified the cursed +0 hat of Knowledge {Dex+4 SInv} (You found it in an ice cave)
 38778 | Swamp:1  | Received a gift from Okawaru
 39964 | Swamp:2  | Noticed Donald
 39986 | Swamp:2  | Killed Donald
 40341 | Swamp:3  | Received a gift from Okawaru
 40359 | Swamp:3  | Reached skill level 9 in Armour
 40758 | Swamp:4  | Entered Level 4 of the Swamp
 40785 | Swamp:4  | Received a gift from Okawaru
 41002 | Swamp:4  | Received a gift from Okawaru
 41434 | Swamp:4  | Reached skill level 19 in Bows
 42371 | Swamp:4  | Noticed the 27-headed Lernaean hydra
 42383 | Swamp:4  | Received a gift from Okawaru
 42389 | Swamp:4  | Killed the 27-headed Lernaean hydra
 42389 | Swamp:4  | Reached XP level 18. HP: 140/140 MP: 19/25
 42416 | Swamp:4  | Got a decaying rune of Zot
 42470 | Swamp:4  | Got a translucent crystal amulet
 42472 | Swamp:4  | Identified the amulet of Okingas {Faith +Fly rElec rF+} (You acquired it on level 4 of the Swamp)
 42756 | Vaults:1 | Entered Level 1 of the Vaults
 43481 | Vaults:1 | Paralysed by a hornet for 2 turns
 43646 | Vaults:1 | Found a portal to a secret trove of treasure.
 43667 | Vaults:1 | Identified the Almanac of Ghastly Flight
 43687 | Vaults:1 | Reached skill level 20 in Bows
 43809 | Vaults:1 | Slain by a two-headed ogre

Skill      XL: |  1  2  3  4  5  6  7  8  9 10 11 12 13 14 15 16 17 18 |
---------------+-------------------------------------------------------+-----
Evocations     | 2 3 4 5 |  5.1
Ice Magic      | 1 2 3 |  3.8
Short Blades   | 2 3 4 6 7 8 |  8.0
Fighting       | 1 3 4 6 9 10 12 | 12.1
Hexes          | 4 6 7 9 11 12 | 12.0
Armour         | 2 4 6 7 9 |  9.7
Translocations | 2 4 5 6 7 |  7.3
Crossbows      | 1 2 4 |  4.6
Dodging        | 3 5 6 8 |  8.9
Spellcasting   | 4 5 |  5.2
Invocations    | 2 3 4 7 |  7.5
Bows           | 8 10 12 14 16 18 19 20 | 20.0
Conjurations   | 2 5 6 |  6.1
Stealth        | |  2.8

Action                   |  1- 3 |  4- 6 |  7- 9 | 10-12 | 13-15 | 16-18 || total
-------------------------+-------+-------+-------+-------+-------+-------++-------
Melee: Dagger            |   186 |   185 |   763 |  1028 |       |       ||  2162
       Trident           |       |       |       |    44 |       |       ||    44
       Short sword       |       |       |       |   182 |       |       ||   182
       Pair of quick bla |       |       |       |       |   183 |   241 ||   424
 Fire: Hand crossbow     |       |       |    14 |    43 |       |       ||    57
       Longbow           |       |       |       |   132 |  1293 |  1141 ||  2566
Throw: Stone             |    30 |    32 |    61 |   101 |       |       ||   224
 Cast: Corona            |    19 |    11 |    25 |     6 |       |       ||    61
       Confuse           |       |       |    19 |   199 |    89 |    60 ||   367
       Ensorcelled Hiber |       |       |     5 |     3 |     1 |       ||     9
       Portal Projectile |       |       |     1 |       |    42 |    44 ||    87
       Dazzling Spray    |       |       |       |     4 |    30 |     4 ||    38
       Tukima's Dance    |       |       |       |     3 |     8 |       ||    11
       Blink             |       |       |       |       |     2 |     3 ||     5
       Conjure Flame     |       |       |       |       |     4 |     8 ||    12
Invok: Heroism           |       |       |     2 |       |     2 |     3 ||     7
 Abil: Evoke Berserk Rag |     6 |     8 |    18 |     8 |     3 |     5 ||    48
       Hop               |     8 |     2 |     8 |    18 |    31 |    20 ||    87
Evoke: Wand              |       |       |       |     5 |     2 |     1 ||     8
  Use: Scroll            |     4 |       |    10 |    13 |    12 |    16 ||    55
       Potion            |     3 |     2 |     1 |     6 |     2 |     1 ||    15
 Stab: Sleeping          |     1 |       |     4 |     2 |       |       ||     7
       Confused          |       |       |     7 |    70 |    16 |    15 ||   108
       Invisible         |       |       |       |     9 |     6 |       ||    15
       Petrified         |       |       |       |       |     4 |       ||     4
  Eat: Chunk             |     9 |    14 |    21 |    46 |    46 |    16 ||   152
       Meat ration       |       |     1 |     1 |     1 |     2 |       ||     5
       Bread ration      |       |       |     4 |     2 |       |     3 ||     9
       Fruit             |       |       |     1 |     1 |       |       ||     2
       Royal jelly       |       |       |     1 |     1 |     1 |     6 ||     9
Armor: Robe              |    12 |       |       |       |       |       ||    12
       Scale mail        |    73 |   100 |    64 |       |       |       ||   237
       Ring mail         |       |       |   186 |   209 |   139 |    55 ||   589
       Chain mail        |       |       |       |   133 |       |       ||   133
       Swamp dragon scal |       |       |       |       |       |    38 ||    38
Dodge: Dodged            |   104 |    87 |   297 |   488 |   231 |   170 ||  1377
